 Dungeon Crawl Stone Soup version 0.13.0-17-g5f0e85f (webtiles) character file.

34702 Whadda the Bludgeoner (level 13, 0/171 HPs)
             Began as a Minotaur Berserker on Oct 21, 2013.
             Was the Champion of Trog.
             Slain by a reaper
             ... wielding a +2,+1 scythe of slicing
              (1 damage)
             ... in the Vestibule of Hell.
             The game lasted 01:23:44 (19295 turns).

Whadda the Bludgeoner (Minotaur Berserker)         Turns: 19295, Time: 01:23:44

HP   0/171       AC 23     Str 33      XL: 13   Next: 39%
MP   0/4         EV  8     Int  4      God: Trog [******]
Gold 834         SH  0     Dex 12      Spells:  0 memorised, 12 levels left

Res.Fire  : . . .   See Invis. : .   s - +2,+6 dire flail (drain)
Res.Cold  : . . .   Warding    : .   G - +1 plate armour
Life Prot.: . . .   Conserve   : .   (no shield)
Res.Poison: +       Res.Corr.  : .   q - +2 wizard hat
Res.Elec. : .       Clarity    : .   B - +0 cloak
Sust.Abil.: . .     Spirit.Shd : .   g - +0 pair of gauntlets
Res.Mut.  : .       Stasis     : .   (no boots)
Res.Rott. : .       Flight     : .   (no amulet)
Saprovore : . . .                    a - ring of poison resistance
                                     M - +3 ring of dexterity

@: berserking, studying Dodging, very quick, somewhat resistant to hostile
enchantments, extremely unstealthy
A: retaliatory headbutt, horns 2
a: Burn Spellbooks, Berserk, Trog's Hand, Brothers in Arms, Renounce Religion


You were in the Vestibule of Hell.
You worshipped Trog.
Trog was exalted by your worship.
You were hungry.

You visited 4 branches of the dungeon, and saw 18 of its levels.

You collected 1105 gold pieces.
You spent 291 gold pieces at shops.

Inventory:

Hand weapons
 s - a +2,+6 dire flail of draining (weapon)
 w - a +0,+7 anti-magic broad axe
 C - a +2,+2 flail of protection
 O - a +5,+0 battleaxe of chopping
 P - a +1,+2 anti-magic dire flail
Armour
 g - a +0 pair of gauntlets (worn)
 q - a +2 wizard hat (worn)
 B - a +0 cloak (worn)
 G - a +1 plate armour (worn)
Magical devices
 b - a wand of enslavement (15) {unknown}
 c - a wand of slowing (8) {unknown}
 l - a wand of magic darts (12)
 p - a wand of confusion (6)
 r - a wand of digging (7)
 t - a wand of digging (12)
 v - a wand of teleportation (5) {unknown}
 y - a wand of magic darts (9)
 z - a wand of fire (9) {unknown}
 A - a wand of confusion (9)
 F - a wand of magic darts (3)
 J - a wand of polymorph (8) {unknown}
 N - a wand of lightning (4) {unknown}
Comestibles
 o - a choko
 E - 3 chunks of hippogriff flesh
Scrolls
 e - 6 scrolls of teleportation
 x - 4 scrolls of identify
 H - a scroll of silence
Jewellery
 a - a ring of poison resistance (right hand)
 i - an uncursed ring of sustain abilities
 j - an uncursed ring of sustain abilities
 M - a +3 ring of dexterity (left hand)
Potions
 d - a potion of speed
 f - 6 potions of curing
 h - 2 potions of heal wounds
 k - 2 potions of might
 m - a potion of magic
 n - a potion of slowing
 u - a potion of beneficial mutation {unknown}
 D - 2 potions of confusion {unknown}
Books
 I - a book of Power

   Spells                             Type                      Level
   Iskenderun's Mystic Blast          Conjuration                  4
   Venom Bolt                         Conjuration/Poison           5
   Bolt of Magma                      Conjuration/Fire/Earth       5
   Fulminant Prism                    Conjuration/Hexes            5
   Iron Shot                          Conjuration/Earth            6
   Orb of Destruction                 Conjuration                  7
   Trog disapproves of the use of such an item.
 K - a book of Clouds

   Spells                             Type                      Level
   Mephitic Cloud                     Conjuration/Poison/Air       3
   Conjure Flame                      Conjuration/Fire             3
   Poisonous Cloud                    Conjuration/Poison/Air       6
   Freezing Cloud                     Conjuration/Ice/Air          6
   Ring of Flames                     Charms/Fire                  7
   Trog disapproves of the use of such an item.
 L - a manual of Dodging


   Skills:
 * Level 12.6 Fighting
 - Level 5.9 Axes
 * Level 17.4 Maces & Flails
 * Level 14.9 Armour
 - Level 4.0 Dodging
 - Level 2.1 Stealth


You had 12 spell levels left.
You didn't know any spells.

Dungeon Overview and Level Annotations

Branches:
Dungeon (8/27)             Temple (1/1) D:6             Orc (0/4) D:8
   Lair (8/8) D:8          Spider (0/5) Lair:4        Slime (0/6) Lair:7
  Swamp: Lair:3-6    Shoals: Lair:3-6     Snake: Lair:3-6       Dis: Hell:1
    Geh: Hell:1         Coc: Hell:1         Tar: Hell:1

Altars:
Ashenzari
Cheibriados
Elyvilon
Fedhas
Kikubaaqudgha
Makhleb
Nemelex Xobeh
Okawaru
Sif Muna
Vehumet
Xom
Yredelemnul
Zin
the Shining One

Shops:
D:5 *   D:7 (   D:8 *

Portals:
Hell: Lair:8

Annotations:
Hell Murray


Innate Abilities, Weirdness & Mutations

You reflexively headbutt those who attack you in melee.
You have a pair of horns on your head.


Message History

You miss the flying skull. Your headbutt misses the flying skull.
The flying skull is severely damaged.
The orange rat skeleton bites you.
The orange rat simulacrum barely misses you.
The orange rat skeleton barely misses you.
You bludgeon the flaming corpse!!
The flaming corpse is heavily damaged.
The mummy hits you but does no damage. It hits you but does no damage.
You hit the flaming corpse. You headbutt the flaming corpse!!
You destroy the flaming corpse!
Murray calls on the powers of darkness!
Your body is wracked with pain!
* * * LOW HITPOINT WARNING * * *
It hits you!
* * * LOW HITPOINT WARNING * * *
You feel your power leaking away.
Deactivating autopickup; reactivate with Ctrl-A.
The reaper hits you from afar with a glowing scythe!
* * * LOW HITPOINT WARNING * * *
You die...

≈≈≈ .....≈≈≈≈
.......;≈≈≈
.............
...............
...............
.......zWM.....
.......z.M.......
.......z@zz......
.......z..z......
.......22p.......
.................
...............
...............
...............
.............
...........


You could see Murray, 2 reapers, a flayed ghost, 2 flaming corpses, a wraith, a
flying skull, a big fish, 2 mummies, an orange rat simulacrum and 2 orange rat
skeletons.

Vanquished Creatures
  Gastronok (D:8)
  5 hydras
  A sun demon (Lair:8)
  A flaming corpse (Hell)
  Pikel (D:5)
  A wizard (Lair:8)
  3 griffons
  A slime creature (Lair:7)
  An oklob plant (Lair:5)
  5 black mambas
  A necromancer (Lair:7)
  6 elephants (Lair:6)
  9 spiny frogs
  An orange demon (Lair:8)
  Psyche (D:8)
  6 hellwings (Lair:8)
  A smoke demon (Lair:8)
  5 fire drakes
  A red devil (Lair:8)
  A troll (D:8)
  A hydra zombie (Lair:8)
  9 blink frogs
  4 trapdoor spiders (Lair:4)
  4 basilisks
  A polar bear (Lair:8)
  6 komodo dragons
  2 hippogriffs
  Eustachio (D:8)
  An elephant slug (Lair:7)
  A steam dragon (Lair:5)
  Edmund (D:7)
  7 wolves
  9 porcupines
  4 giant goldfish (D:8)
  3 ice beasts
  A black bear (D:8)
  21 yaks
  4 ogres
  2 sky beasts
  A phantom (D:6)
  4 centaurs
  2 rotting devils (Lair:8)
  15 water moccasins
  A big kobold (D:8)
  9 crocodiles
  7 giant slugs
  8 giant frogs
  A boring beetle (Lair:8)
  A giant goldfish zombie (D:5)
  5 agate snails
  3 killer bees (D:8)
  3 wights (D:8)
  7 jellyfish
  An electric eel (D:8)
  A goliath beetle (D:8)
  4 crimson imps
  2 jellies (D:7)
  A giant frog zombie (D:6)
  A quasit (D:6)
  13 hounds
  4 orc wizards
  An iron imp (D:8)
  A centaur skeleton (D:7)
  3 big fish
  4 iguanas
  A scorpion (D:5)
  2 grizzly bear simulacra (Lair:7)
  7 worker ants
  An ogre skeleton (D:7)
  8 sheep
  A hound skeleton (D:8)
  A hound zombie (D:7)
  A spectral orange rat (Hell)
  3 gnolls (D:6)
  48 green rats
  22 adders
  A big fish zombie (D:5)
  A giant centipede (Lair:5)
  3 hound simulacra (Lair:7)
  2 giant mites
  A white imp (D:7)
  5 worms
  2 ufetubi (D:8)
  An iguana zombie (D:5)
  An adder skeleton (D:4)
  An iguana skeleton (D:5)
  A giant eyeball (D:4)
  9 giant geckos
  An ooze (D:1)
  15 orcs
  3 giant cockroaches
  17 hobgoblins
  22 jackals
  17 kobolds
  12 quokkas
  20 bats
  11 giant newts
  14 goblins
  A hobgoblin zombie (D:6)
  27 rats
  6 rat simulacra (Lair:7)
  2 rat skeletons
  4 bushes
  16 fungi
  18 plants
566 creatures vanquished.

Vanquished Creatures (others)
  A giant spore (D:6)
  2 kobolds (D:8)
  A fungus (Lair:3)
  8 plants
12 creatures vanquished.

Grand Total: 578 creatures vanquished

Notes
Turn   | Place    | Note
--------------------------------------------------------------
     0 | D:1      | Whadda, the Minotaur Berserker, began the quest for the Orb.
     0 | D:1      | Reached XP level 1. HP: 19/19 MP: 0/0
   170 | D:1      | Reached XP level 2. HP: 16/26 MP: 0/0
   314 | D:1      | Reached skill level 4 in Axes
   511 | D:1      | Acquired Trog's second power
   575 | D:1      | Reached XP level 3. HP: 30/33 MP: 1/1
  1180 | D:2      | HP: 1/33 [worm (9)]
  1367 | D:2      | Reached XP level 4. HP: 20/40 MP: 1/1
  2323 | D:3      | Reached XP level 5. HP: 41/46 MP: 1/1
  2809 | D:4      | Reached skill level 1 in Maces & Flails
  2856 | D:4      | Paralysed by a giant eyeball for 2 turns
  2861 | D:4      | Paralysed by a giant eyeball for 3 turns
  2864 | D:4      | Acquired Trog's third power
  2870 | D:4      | Paralysed by a giant eyeball for 4 turns
  3051 | D:4      | Reached XP level 6. HP: 43/53 MP: 2/2
  3164 | D:4      | Reached skill level 5 in Fighting
  3242 | D:4      | Noticed an ogre
  3271 | D:5      | Entered Level 5 of the Dungeon
  3271 | D:5      | Found Maipp's General Store.
  3274 | D:5      | Bought a bread ration for 52 gold pieces
  3274 | D:5      | Bought a meat ration for 52 gold pieces
  3550 | D:5      | Reached skill level 5 in Armour
  3604 | D:5      | Reached skill level 1 in Stealth
  3761 | D:5      | Reached XP level 7. HP: 46/60 MP: 2/2
  3770 | D:5      | Reached skill level 6 in Armour
  3965 | D:5      | Reached skill level 5 in Maces & Flails
  4081 | D:5      | Found a basalt altar of Yredelemnul.
  4184 | D:5      | Noticed Pikel
  4203 | D:5      | Killed Pikel
  4203 | D:5      | Reached skill level 8 in Armour
  4203 | D:5      | Reached XP level 8. HP: 42/68 MP: 2/2
  4385 | D:5      | Found a radiant altar of Vehumet.
  4485 | D:6      | Found a staircase to the Ecumenical Temple.
  4629 | Temple   | Entered the Ecumenical Temple
  5171 | D:6      | Reached skill level 9 in Armour
  5846 | D:7      | Noticed Edmund
  5853 | D:7      | Killed Edmund
  5913 | D:7      | Found Ghit's Weapon Shop.
  5951 | D:7      | Reached XP level 9. HP: 75/75 MP: 3/3
  6621 | D:7      | Reached skill level 10 in Armour
  6770 | D:8      | Noticed Eustachio
  6802 | D:8      | Killed Eustachio
  6888 | D:8      | Noticed Psyche
  6900 | D:8      | Killed Psyche
  7052 | D:8      | Found a staircase to the Orcish Mines.
  7093 | D:8      | Reached skill level 10 in Maces & Flails
  7141 | D:8      | Noticed Gastronok
  7169 | D:8      | HP: 3/77 [Gastronok/the air (18)]
  7459 | D:8      | Reached XP level 10. HP: 69/84 MP: 3/3
  7577 | D:8      | Killed Gastronok
  7577 | D:8      | Reached skill level 11 in Maces & Flails
  7644 | D:8      | Received a gift from Trog
  7721 | D:8      | Found Kionioq's Assorted Antiques.
  7727 | D:8      | Bought a runed buckler for 55 gold pieces
  7727 | D:8      | Bought 3 scrolls of identify for 132 gold pieces
  7901 | D:8      | Found a staircase to the Lair.
  8130 | D:8      | Reached skill level 12 in Maces & Flails
  8410 | Lair:1   | Entered Level 1 of the Lair of Beasts
  9021 | Lair:1   | Noticed a seven-headed hydra
  9040 | Lair:1   | Killed a seven-headed hydra
  9040 | Lair:1   | Reached skill level 13 in Maces & Flails
  9040 | Lair:1   | Reached XP level 11. HP: 23/93 MP: 3/3
  9346 | Lair:1   | Received a gift from Trog
  9482 | Lair:1   | Reached skill level 5 in Axes
 11642 | Lair:3   | Noticed an eight-headed hydra
 11647 | Lair:3   | Killed an eight-headed hydra
 11939 | Lair:3   | You fall through a shaft!
 11945 | Lair:4   | Reached skill level 10 in Fighting
 12054 | Lair:4   | Received a gift from Trog
 12091 | Lair:4   | Reached skill level 14 in Maces & Flails
 12399 | Lair:4   | Found a hole to the Spider Nest.
 13222 | Lair:5   | Reached XP level 12. HP: 100/103 MP: 4/4
 14286 | Lair:5   | Found a snail-covered altar of Cheibriados.
 14436 | Lair:5   | Reached skill level 15 in Maces & Flails
 15669 | Lair:6   | Received a gift from Trog
 16395 | Lair:7   | Found a staircase to the Slime Pits.
 16429 | Lair:7   | Reached skill level 16 in Maces & Flails
 17115 | Lair:8   | Entered Level 8 of the Lair of Beasts
 17119 | Lair:8   | Noticed a five-headed hydra
 17130 | Lair:8   | Killed a five-headed hydra
 17281 | Lair:8   | Received a gift from Trog
 17303 | Lair:8   | Identified a scroll of acquirement
 17416 | Lair:8   | Reached XP level 13. HP: 113/113 MP: 4/4
 17494 | Lair:8   | Noticed an eight-headed hydra
 17500 | Lair:8   | Killed an eight-headed hydra
 17632 | Lair:8   | Found a burning altar of Makhleb.
 17985 | Lair:8   | Reached skill level 17 in Maces & Flails
 18521 | Lair:8   | Noticed a six-headed hydra
 18531 | Lair:8   | Killed a six-headed hydra
 19269 | Lair:8   | Found a gateway to Hell.
 19280 | Hell     | Entered the Vestibule of Hell
 19280 | Hell     | Noticed Murray
 19280 | Hell     | Noticed a reaper
 19280 | Hell     | Noticed a reaper
 19295 | Hell     | HP: 1/171 [reaper/glowing scythe (14)]
 19295 | Hell     | Slain by a reaper

Action                   |  1- 3 |  4- 6 |  7- 9 | 10-12 | 13-15 || total
-------------------------+-------+-------+-------+-------+-------++-------
Melee: Hand axe          |    74 |    45 |       |       |       ||   119
       Mace              |       |   176 |   157 |       |       ||   333
       Flail             |       |       |   139 |    25 |       ||   164
       Dire flail        |       |       |       |   783 |   175 ||   958
       Broad axe         |       |       |       |    80 |       ||    80
Invok: Berserk           |       |     7 |    10 |     9 |     2 ||    28
       Burn Spellbooks   |       |       |       |     2 |       ||     2
 Abil: Evoke Flight      |       |       |       |     1 |       ||     1
  Use: Scroll            |       |     3 |    13 |    14 |       ||    30
       Potion            |       |       |       |     9 |       ||     9
